 Dungeon Crawl Stone Soup version 0.21-a0-437-ge5bf024 (webtiles) character file.

6792 kae the Cleaver (level 11, -2/97 HPs)
             Began as a Hill Orc Fighter on Nov 9, 2017.
             Was a Believer of Qazlal.
             Slain by a porcupine (12 damage)
             ... on level 1 of the Lair of Beasts.
             The game lasted 00:10:48 (11018 turns).

kae the Cleaver (Hill Orc Fighter)                 Turns: 11018, Time: 00:10:48

Health: -2/97      AC: 16    Str: 23    XL:     11   Next: 5%
Magic:  16/16      EV:  8    Int:  8    God:    Qazlal [**....]
Gold:   288        SH:  3    Dex: 10    Spells: 10/10 levels left

rFire    . . .     SeeInvis .   m - +1 broad axe
rCold    + . .     Gourm    .   (no shield)
rNeg     . . .     Faith    .   x - +0 plate armour
rPois    +         Spirit   .   (no helmet)
rElec    .         Reflect  .   A - +0 cloak
rCorr    .         Harm     +   B - +0 pair of gloves
MR       .....                  (no boots)
Stlth    ..........             e - amulet of harm
HPRegen  0.26/turn              n - ring of protection from cold
MPRegen  0.15/turn              j - ring of poison resistance

@: no status effects
A: no striking features
a: Upheaval, Renounce Religion


You were on level 1 of the Lair of Beasts.
You worshipped Qazlal.
Qazlal was pleased with you.
You were not hungry.

You visited 3 branches of the dungeon, and saw 11 of its levels.
You also visited: Sewer.

You collected 408 gold pieces.
You spent 120 gold pieces at shops.

Inventory:

Hand Weapons
 a - a +0 war axe
 m - a +1 broad axe (weapon)
 v - a +0 battleaxe
Armour
 b - a +0 scale mail
 c - a +0 shield
 x - a +0 plate armour (worn)
 A - a +0 cloak (worn)
 B - a +0 pair of gloves (worn)
Jewellery
 e - an amulet of harm (around neck)
 j - a ring of poison resistance (right hand)
 n - a ring of protection from cold (left hand)
 u - an uncursed ring of magical power
 K - an uncursed ring of stealth {unknown}
Wands
 g - a wand of iceblast (1/15)
 l - a wand of acid (6/15)
 o - a wand of flame (4/48)
 t - a wand of random effects (20/48)
 H - a wand of paralysis (7/24)
Scrolls
 i - 2 scrolls of teleportation
 k - 10 scrolls of identify
 r - 2 scrolls of remove curse
 w - 2 scrolls of enchant weapon
 C - a scroll of magic mapping {unknown}
 D - a scroll of brand weapon {unknown}
 E - a scroll of holy word {unknown}
 L - a scroll of fear {unknown}
Potions
 d - 3 potions of agility
 p - a potion of flight
 z - a potion of lignification {unknown}
 F - a potion of curing
Books
 y - a book of Debilitation

   Spells                             Type                      Level
   a - Corona                         Hexes                        1
   b - Slow                           Hexes                        2
   c - Inner Flame                    Hexes/Fire                   3
   d - Portal Projectile              Hexes/Translocation          3
   e - Cause Fear                     Hexes                        4
   f - Leda's Liquefaction            Hexes/Earth                  4
 J - a book of Necromancy

   Spells                             Type                      Level
   a - Pain                           Necromancy                   1
   b - Animate Skeleton               Necromancy                   1
   c - Vampiric Draining              Necromancy                   3
   d - Regeneration                   Charms/Necromancy            3
   e - Animate Dead                   Necromancy                   4
   f - Control Undead                 Necromancy                   4
Comestibles
 f - 10 bread rations
 h - 6 meat rations
 q - 3 fruits
 s - 2 royal jellies


   Skills:
 + Level 9.4 Fighting
 * Level 13.0 Axes
 + Level 8.6 Armour
 + Level 3.0 Dodging
 - Level 3.9 Shields
 + Level 7.1 Invocations
 + Level 3.8 Evocations


You had 10 spell levels left.
You didn't know any spells.

Dungeon Overview and Level Annotations

Branches:
Dungeon (9/15)             Temple (1/1) D:5            Lair (1/6) D:9
    Orc: D:9-12

Altars:
Ashenzari
Cheibriados
Dithmenos
Elyvilon
Fedhas
Gozag
Hepliaklqana
Kikubaaqudgha
Makhleb
Nemelex Xobeh
Okawaru
Qazlal
Ru
Sif Muna
Trog
Uskayaw
Vehumet
Wu Jian
Xom
Yredelemnul
Zin
The Shining One

Shops:
D:9 !


Message History

The komodo dragon bites you!!
* * * LOW HITPOINT WARNING * * *
You slash the komodo dragon!
The komodo dragon is severely wounded.
The komodo dragon bites you!
* * * LOW HITPOINT WARNING * * *
Unknown command.
Okay, then.
Found a scroll of recharging.
Found 22 gold pieces.
Found a stone staircase leading down. 2 porcupines come into view.
Found a scroll labeled VUOTHR DYONAAJ.
The porcupine bites you but does no damage.
The porcupine is engulfed in freezing vapours.
You kill the porcupine!
Qazlal accepts your kill.
Your Axes skill increases to level 13!
The porcupine barely misses you. The porcupine bites you!
You die...

≈.≈≈≈≈≈≈## ##.....##
...P.≈≈≈### #.....#
..........#####.....#
....................#
.#.###..............#
## #.....##.#.##..#
#...#.......# ######
###.#.......# ......
#.#§r@....# ......
##.#l§##...... ......
#.....# ..#.. ##.###
##§#.#.....# #
#P...#⌠.>.⌠..
............#..
#....+$#....## .
#....#..#...#
#....### ....


You could see a komodo dragon and a porcupine.

Vanquished Creatures
  Erica (D:8)
  Sonja (Lair:1)
  Maurice (D:8)
  A komodo dragon (D:9)
  A hornet (D:9)
  A hippogriff (D:8)
  A spriggan (D:7)
  6 yaks
  A porcupine (Lair:1)
  3 orc warriors
  A black bear (D:3)
  2 ice beasts
  2 phantoms
  3 centaurs
  2 ogres
  A crocodile (D:7)
  Blork the orc (D:5)
  A wyvern zombie (D:8)
  3 bullfrogs
  A gnoll sergeant (D:8)
  2 scorpions
  6 killer bees (D:7)
  4 howler monkeys
  2 bullfrog zombies
  6 crimson imps
  5 orc priests
  3 hounds
  10 orc wizards
  4 iguanas
  3 worker ants
  2 hound skeletons
  A worker ant zombie (D:9)
  8 adders
  8 gnolls
  3 shadow imps
  A white imp (D:4)
  13 oozes
  An adder skeleton (D:5)
  An adder zombie (D:8)
  2 worms
  3 dart slugs
  13 leopard geckos
  39 orcs
  7 ball pythons
  12 giant cockroaches
  6 goblins
  9 hobgoblins
  10 jackals
  4 quokkas
  4 bats
  13 frilled lizards
  7 kobolds
  A leopard gecko skeleton (D:4)
  A quokka skeleton (D:6)
  8 rats
256 creatures vanquished.

Vanquished Creatures (others)
  A plant (D:9)
1 creature vanquished.

Grand Total: 257 creatures vanquished

Notes
Turn   | Place    | Note
-------+----------+-------------------------------------------
     0 | D:1      | kae the Hill Orc Fighter began the quest for the Orb.
     0 | D:1      | Reached XP level 1. HP: 19/19 MP: 1/1
    42 | D:1      | Reached skill level 3 in Axes
    87 | D:1      | Reached XP level 2. HP: 22/27 MP: 2/2
   289 | D:1      | Reached XP level 3. HP: 33/33 MP: 3/3
   303 | D:1      | Found a glowing golden altar of the Shining One.
   750 | D:2      | Reached skill level 4 in Axes
   776 | D:2      | Reached XP level 4. HP: 33/40 MP: 4/4
  2037 | D:3      | Found a glowing drain.
  2037 | D:3      | Noticed a black bear
  2046 | D:3      | Killed a black bear
  2046 | D:3      | Reached skill level 5 in Axes
  2046 | D:3      | Reached XP level 5. HP: 30/47 MP: 5/5
  2053 | Sewer    | Entered a sewer
  2332 | Sewer    | Reached XP level 6. HP: 50/55 MP: 6/6
  2521 | Sewer    | Reached skill level 5 in Fighting
  2558 | Sewer    | Reached skill level 6 in Axes
  3332 | D:4      | Reached XP level 7. HP: 54/61 MP: 7/7
  3342 | D:4      | Reached skill level 5 in Armour
  3381 | D:4      | Found a shattered altar of Ashenzari.
  3382 | D:4      | Found a shimmering altar of Xom.
  3799 | D:4      | Reached skill level 7 in Axes
  4007 | D:5      | Entered Level 5 of the Dungeon
  4209 | D:5      | Reached skill level 8 in Axes
  4322 | D:5      | Noticed Blork the orc
  4334 | D:5      | Killed Blork the orc
  4334 | D:5      | Reached XP level 8. HP: 58/70 MP: 8/8
  4685 | D:5      | Found a radiant altar of Vehumet.
  4929 | D:5      | Found a staircase to the Ecumenical Temple.
  5037 | D:5      | Reached skill level 9 in Axes
  5069 | Temple   | Entered the Ecumenical Temple
  5206 | Temple   | Became a worshipper of Qazlal Stormbringer
  5661 | D:6      | Reached skill level 1 in Invocations
  6486 | D:6      | Reached skill level 10 in Axes
  6627 | D:6      | Reached XP level 9. HP: 72/79 MP: 11/11
  6722 | D:6      | Reached * piety under Qazlal
  6799 | D:7      | HP: 3/79 [ice beast (7)]
  6805 | D:7      | HP: 1/80 [phantom (4)]
  7417 | D:7      | Reached skill level 11 in Axes
  8520 | D:8      | Noticed Maurice
  8532 | D:8      | Killed Maurice
  8532 | D:8      | Reached skill level 5 in Invocations
  8532 | D:8      | Reached skill level 1 in Evocations
  8586 | D:8      | Reached skill level 1 in Dodging
  8586 | D:8      | Reached XP level 10. HP: 90/90 MP: 12/14
  8605 | D:8      | Noticed Erica
  9108 | D:8      | Killed Erica
  9108 | D:8      | Reached skill level 12 in Axes
  9565 | D:8      | Reached ** piety under Qazlal
  9909 | D:9      | Found a staircase to the Lair.
  9942 | D:9      | Found Jyikieri's Distillery.
  9952 | D:9      | Bought a potion of curing for 45 gold pieces
  9952 | D:9      | Bought a potion of heal wounds for 75 gold pieces
 10941 | Lair:1   | Entered Level 1 of the Lair of Beasts
 10941 | Lair:1   | Noticed Sonja
 10942 | Lair:1   | Killed Sonja
 10942 | Lair:1   | Reached XP level 11. HP: 97/97 MP: 16/16
 11017 | Lair:1   | Reached skill level 13 in Axes
 11018 | Lair:1   | Slain by a porcupine

Vault maps used:
D:1:      dpeg_arrival_tiny_j, corexii_item_surrounded_by_moat, st_stairs_5,
          minmay_misc_feat_four_crosses, tso_metal_star
D:2:      grunt_ministairs_4
D:3:      portal_sewer_entry_e, first_bread
D:4:      gammafunk_temple_overflow_statue, minmay_fire_ice_demons
D:5:      minmay_temple_entry_crystal_x, st_stairs_5, vehumet_altar_wand_db,
          uniq_blork_the_orc
D:6:      minmay_misc_feat_roman
D:7:      the_bakery
D:8:      uniq_erica, uniq_maurice
D:9:      david_lair_shrubbed, serial_shops, shop
Temple:   regret_index_temple_chain_breaker
Lair:1:   serial_bayou_shore_a, grunt_megastairs_2, uniq_gastronok, uniq_sonja
Sewer:    sewer_frog_island_02

Skill      XL: |  1  2  3  4  5  6  7  8  9 10 11 |
---------------+----------------------------------+-----
Axes           | 3 4 5 6 8 10 11 12 13 | 13.0
Fighting       | 4 5 6 7 8 9 |  9.4
Armour         | 4 5 6 7 8 |  8.6
Invocations    | 3 5 7 |  7.1
Evocations     | 1 3 |  3.8
Dodging        | 1 3 |  3.0
Shields        | |  3.9

Action                   |  1- 3 |  4- 6 |  7- 9 | 10-12 || total
-------------------------+-------+-------+-------+-------++-------
Melee: War axe           |    94 |    40 |       |       ||   134
       Broad axe         |       |   160 |   300 |   193 ||   653
Invok: Upheaval          |       |       |       |     1 ||     1
Evoke: Wand              |       |       |     5 |     2 ||     7
  Use: Scroll            |     1 |     6 |     7 |     2 ||    16
       Potion            |       |     3 |     2 |     2 ||     7
  Eat: Chunk             |       |     7 |    15 |     8 ||    30
       Fruit             |       |     2 |     2 |       ||     4
Armor: Scale mail        |    36 |   117 |    87 |       ||   240
       Plate armour      |       |       |    20 |    98 ||   118
Dodge: Dodged            |    26 |   112 |   128 |    51 ||   317
Block: Shield            |    55 |    32 |       |       ||    87
       Other             |       |       |     4 |    19 ||    23

Table legend:
 A = Spawn XP
 B = Non-spawn XP
 C = Spawn XP percentage of total XP
 D = Spawn monster count
 E = Non-spawn monster count
 F = Spawn count percentage of total count
 G = Total turns spent on level
                    A         B        C        D         E        F      G
               +---------+---------+-------+---------+---------+-------+---------
         Total |       0 |    9703 |   0.0 |       0 |     256 |   0.0 | 11018
               +---------+---------+-------+---------+---------+-------+---------
           D:1 |       0 |      50 |   0.0 |       0 |      29 |   0.0 |   561
           D:2 |       0 |      88 |   0.0 |       0 |      14 |   0.0 |  1225
           D:3 |       0 |     154 |   0.0 |       0 |      14 |   0.0 |   464
           D:4 |       0 |     190 |   0.0 |       0 |      18 |   0.0 |   891
           D:5 |       0 |     967 |   0.0 |       0 |      29 |   0.0 |  1437
           D:6 |       0 |     706 |   0.0 |       0 |      26 |   0.0 |  1484
           D:7 |       0 |    1476 |   0.0 |       0 |      24 |   0.0 |  1431
           D:8 |       0 |    2580 |   0.0 |       0 |      29 |   0.0 |  1497
           D:9 |       0 |    2311 |   0.0 |       0 |      33 |   0.0 |   932
        Lair:1 |       0 |     925 |   0.0 |       0 |       2 |   0.0 |    77
         Sewer |       0 |     256 |   0.0 |       0 |      38 |   0.0 |   866
               +---------+---------+-------+---------+---------+-------+---------
